 Dungeon Crawl Stone Soup version 0.32-a0-779-g362cfcae2a (webtiles) character file.

Game seed: 17600529149996008635

497 pokeman the Magician (level 6, 0/35 HPs)
             Began as a Deep Elf Hedge Wizard on Mar 19, 2024.
             Splashed by a jelly's acid (4 damage)
             ... on level 4 of the Dungeon.
             The game lasted 00:08:25 (3696 turns).

pokeman the Magician (Deep Elf Hedge Wizard)        Turns: 3696, Time: 00:08:25

Health: 0/35       AC:  1    Str:  7    XL:     6   Next: 93%
Magic:  1/18       EV: 12    Int: 21    God:
Gold:   91         SH:  0    Dex: 14    Spells: 7/20 levels left

rFire   + . .        a - +0 club (spect)
rCold   . . .        (no shield)
rNeg    . . .        l - +2 robe {rF+}
rPois   .            c - +0 hat
rElec   .            g - +0 cloak
rCorr   .            (no gloves)
SInv    .            (no boots)
Will    .....        (no amulet)
Stlth   ++           (no ring)
HPRegen 0.25/turn    (no ring)
MPRegen 0.16/turn

%: no passive effects
@: corroded
A: no striking features
a: no special abilities


You were on level 4 of the Dungeon.
You visited 1 branch of the dungeon, and saw 4 of its levels.

You collected 91 gold pieces.

Inventory:

Hand Weapons
 a - a +0 spectral club (weapon)
Armour
 c - a +0 hat (worn)
 g - a +0 cloak (worn)
 l - a +2 robe of fire resistance (worn)
Scrolls
 b - a scroll of amnesia {unknown}
 f - a scroll of poison {unknown}
 i - a scroll of revelation {unknown}
 k - a scroll of identify {unknown}
Potions
 d - a potion of magic
 e - a potion of cancellation {unknown}
 h - a potion of lignification {unknown}
 j - a potion of might {unknown}


   Skills:
 + Level 1.8 Fighting
 - Level 1.0 Armour
 - Level 3.0 Dodging
 - Level 3.0 Stealth
 * Level 7.5 Spellcasting
 + Level 3.5 Conjurations
 - Level 1.1 Summonings
 - Level 1.1 Translocations
 + Level 1.9 Ice Magic
 - Level 1.0 Air Magic
 - Level 1.0 Alchemy


You had 7 spell levels left.
You knew the following spells:

 Your Spells              Type           Power      Damage    Failure   Level
a - Magic Dart            Conj           88%        1d7       1%          1
b - Mephitic Cloud        Conj/Alch/Air  15%        N/A       12%         3
c - Call Imp              Summ           24%        N/A       9%          2
d - Blink                 Tloc           24%        N/A       9%          2
e - Freezing Cloud        Conj/Ice/Air   8%         6-21      67%         5

Your spell library contained the following spells:

 Spells                   Type           Power      Damage    Failure   Level
 Apportation              Tloc           24%        N/A       5%          1
 Slow                     Hex            28%        N/A       9%          1
 Mercury Vapours          Alch/Air       24%        N/A       9%          2
 Cigotuvi's Dreadful Rot  Necr/Alch/Air  20%        N/A       10%         2
 Jinxbite                 Hex            14%        N/A       13%         2
 Alistair's Intoxication  Alch           8%         N/A       83%         5


Dungeon Overview and Level Annotations

Branches:
Dungeon (4/15)
 Temple: D:4-7

Altars:
Gozag

Annotations:
D:3 1 runed translucent door, robwolf's ghost, weakling AtWr


Message History

Aim: Eustachio, wielding a +0 rapier and wearing a +2 leather armour of cold resistance (almost dead, confused, 100% to hit)
The magic dart hits Eustachio.
Eustachio is almost dead.
A jelly comes into view.
The jelly quivers.
You hit Eustachio.
Eustachio is almost dead.
Your +0 spectral club hits Eustachio but does no damage.
Eustachio hits your +0 spectral club but does no damage.
You hit Eustachio.
Eustachio is almost dead.
Your +0 spectral club hits Eustachio but does no damage.
You hit Eustachio.
You kill Eustachio!
Your +0 spectral club disappears.
Casting: Magic Dart (safe; 1% risk of failure)
Confirm with . or Enter, or press ? or * to list all spells.
Aiming: Magic Dart (safe; 1% risk of failure)
Press: ? - help, Shift-Dir - straight line, f - jelly
Aim: a jelly (100% to hit)
The magic dart hits the jelly.
The jelly is lightly wounded.
Casting: Magic Dart (safe; 1% risk of failure)
Confirm with . or Enter, or press ? or * to list all spells.
Aiming: Magic Dart (safe; 1% risk of failure)
Press: ? - help, Shift-Dir - straight line, f/p - jelly
Aim: a jelly (lightly wounded, 100% to hit)
The magic dart hits the jelly.
The jelly is moderately wounded.
Casting: Magic Dart (safe; 1% risk of failure)
Confirm with . or Enter, or press ? or * to list all spells.
Aiming: Magic Dart (safe; 1% risk of failure)
Press: ? - help, Shift-Dir - straight line, f/p - jelly
Aim: a jelly (moderately wounded, 100% to hit)
The magic dart hits the jelly.
The jelly is heavily wounded.
The jelly hits you. The acid corrodes you!
You are splashed with acid!
* * * LOW HITPOINT WARNING * * *
You hit the jelly.
Your hands burn!
You die...

## .# ...
... ....
.... ...#
#.... ..#
#.....
#.###.°!...
.. #.@)..#
#.# ##J.###
#.# #..##
#.# ##..)##
#.###.##).##
#...####..#
#...# ##.:#
####...#
#..#
#......##
....


You could see a jelly.

Vanquished Creatures
  Eustachio (D:4)
  An ogre (D:4)
  2 jellies (D:4)
  Jessica (D:2)
  An iguana (D:4)
  An orc wizard (D:3)
  2 gnolls (D:2)
  3 adders (D:2)
  3 dart slugs
  2 ribbon worms (D:3)
  4 orcs
  9 endoplasms
  3 giant cockroaches
  4 hobgoblins
  2 jackals (D:1)
  4 ball pythons
  8 bats
  5 frilled lizards
  6 goblins
  5 kobolds
  7 rats
74 creatures vanquished.

Vanquished Creatures (collateral kills)
  A gnoll (D:2)
1 creature vanquished.

Grand Total: 75 creatures vanquished

Notes
Turn   | Place    | Note
-------+----------+-------------------------------------------
     0 | D:1      | pokeman the Deep Elf Hedge Wizard began the quest for the
                  | Orb.
     0 | D:1      | Reached XP level 1. HP: 10/10 MP: 7/7
   221 | D:1      | Reached XP level 2. HP: 3/16 MP: 0/9
   950 | D:1      | Found a faded altar of an unknown god.
  1155 | D:2      | Reached skill level 5 in Spellcasting
  1343 | D:2      | Reached XP level 3. HP: 20/20 MP: 8/11
  1351 | D:2      | Learned a level 3 spell: Mephitic Cloud
  1354 | D:2      | Learned a level 2 spell: Call Imp
  1357 | D:2      | Learned a level 2 spell: Blink
  1465 | D:2      | Reached skill level 1 in Fighting
  1465 | D:2      | Reached skill level 1 in Armour
  1662 | D:2      | Reached XP level 4. HP: 15/25 MP: 4/13
  2076 | D:2      | Noticed Jessica
  2080 | D:2      | Killed Jessica
  2307 | D:3      | Reached skill level 6 in Spellcasting
  2512 | D:3      | Reached XP level 5. HP: 16/29 MP: 12/15
  2518 | D:3      | Learned a level 5 spell: Freezing Cloud
  3008 | D:3      | Found a runed translucent door.
  3011 | D:3      | Noticed robwolf's ghost (weakling AtWr)
  3242 | D:4      | Reached skill level 1 in Air Magic
  3242 | D:4      | Reached skill level 1 in Alchemy
  3401 | D:4      | Reached XP level 6. HP: 34/34 MP: 3/17
  3512 | D:4      | Found an opulent altar of Gozag.
  3563 | D:4      | Reached skill level 7 in Spellcasting
  3563 | D:4      | Reached skill level 1 in Ice Magic
  3588 | D:4      | Noticed Eustachio
  3692 | D:4      | Killed Eustachio
  3696 | D:4      | Splashed by a jelly's acid

Illustrated notes

Levels and vault maps discovered:
D:1:      saegor_arrival_under_anarchy, layout_loops_ring,
          shapermc_ecumenical_altar_mp_ritualfount, serial_bayou_crossing
D:2:      minmay_skewed_foursquare, layout_basic, uniq_jessica
D:3:      layout_basic, gammafunk_ghost_grave
D:4:      layout_layer_cave, mainiacjoe_overflow_brackets,
          minmay_temple_entry_antechambers, uniq_eustachio

Skill      XL: |  1  2  3  4  5  6 |
---------------+-------------------+-----
Spellcasting   | 5 6 7 |  7.5
Fighting       | 1 |  1.8
Armour         | 1 |  1.0
Conjurations   | 2 3 |  3.5
Stealth        | 3 |  3.0
Dodging        | 3 |  3.0
Air Magic      | 1 |  1.0
Alchemy        | 1 |  1.0
Ice Magic      | 1 |  1.9
Summonings     | |  1.1
Translocations | |  1.1

Action                     |  1- 3 |  4- 6 || total
---------------------------+-------+-------++-------
  Melee: Dagger            |    32 |       ||    32
         Club              |       |    73 ||    73
         Flail             |       |     6 ||     6
   Cast: Magic Dart        |    76 |   108 ||   184
         Mephitic Cloud    |     2 |    10 ||    12
         Call Imp          |     2 |       ||     2
   Stab: Confused          |     2 |     7 ||     9
 Armour: Robe              |    32 |    45 ||    77
  Dodge: Dodged            |    41 |    52 ||    93

Table legend: (Time is in decaauts)
 A = Elapsed time spent in this place.
 B = Non-inter-level travel time spent in this place.
 C = Inter-level travel time spent in this place.
 D = Time resting spent in this place.
 E = Time spent auto-exploring this place.
 F = Levels seen in this place.
 G = Mean time per level.
                   A        B        C        D        E       F      G
               +--------+--------+--------+--------+--------+-----+--------+
         Total |   3730 |   3638 |     92 |     32 |   3049 |   4 |  932.5 |
       Dungeon |   3730 |   3638 |     92 |     32 |   3049 |   4 |  932.5 |
               +--------+--------+--------+--------+--------+-----+--------+

Top non-repeatable levels by time:
     D:2: 1202 daAuts
     D:1: 1114 daAuts
     D:3: 890 daAuts
     D:4: 523 daAuts
